[Event "GambitGuide"]
[Site "Internet Chess Club"]
[Date "2014.10.31"]
[Round "1"]
[White "JSBach"]
[Black "leader1774"]
[Result "0-1"]
[ICCResult "White checkmated"]
[WhiteElo "1630"]
[BlackElo "1569"]
[Opening "Vienna: `Frankenstein-Dracula' variation"]
[ECO "C27"]
[NIC "VG.02"]
[Time "11:55:40"]
[TimeControl "120+12"]

1. e4 e5 2. Nc3 Nf6 3. Bc4 Nxe4 4. Qh5 Nd6 5. Bb3 Nc6 6. Nb5 g6 7. Qf3 f5 8.
Qd5 Qe7 9. Nxc7+ Kd8 10. Nxa8 b6 11. d3 Nd4 12. h4 h6 13. Kd2 Bb7 14. Nxb6
axb6 15. Kd1 Bxd5 16. Bxd5 e4 17. dxe4 Nxe4 18. Be3 Qc5 19. c4 Bg7 20. Ne2
Re8 21. b4 Qxb4 22. Bxe4 Nxe2 23. Kxe2 Bxa1 24. Bd5 Qb2+ 25. Kf3 g5 26. hxg5
hxg5 27. Bxg5+ Kc7 28. Bf4+ Kc8 29. Be3 Qe5 30. Rd1 Bc3 31. Rd3 f4 32. Bf7
Qe4+ 33. Ke2 fxe3 34. f3 Qe5 35. Bxe8 Qxe8 36. Rxc3 Qe5 37. Rxe3 Qb2+ 38.
Kf1 Qxa2 39. Re8+ Kc7 40. Re4 Qb1+ 41. Kf2 Qc2+ 42. Kf1 Qd1+ 43. Kf2 Qd2+
44. Kg3 Qg5+ 45. Kh2 Kc6 46. g3 Kc5 47. Kh3 d5 48. cxd5 Kxd5 49. g4 b5 50.
Kg3 Qd2 51. Re8 Kc4 52. Re6 b4 53. Rc6+ Kb3 54. Rc8 Kb2 55. Re8 b3 56. f4
Kb1 57. g5 b2 58. Ra8 Qc3+ 59. Kh4 Kc1 60. Rb8 b1=Q 61. Rxb1+ Kxb1 62. f5
Qh8+ 63. Kg4 Kc2 64. f6 Qh7 65. Kf4 Qg6 66. Kg4 Kd3 67. Kf4 Kd4 68. Kg4 Ke4
69. Kh4 Kf4 70. Kh3 Qxg5 71. Kh2 Qg3+ 72. Kh1 Kf3 73. f7 Qg2# {White
checkmated} 0-1

[Event "GambitGuide"]
[Site "Internet Chess Club"]
[Date "2014.10.31"]
[Round "1"]
[White "JSBach"]
[Black "Lawrence"]
[Result "1-0"]
[ICCResult "Black checkmated"]
[WhiteElo "1630"]
[BlackElo "1540"]
[Opening "Vienna: `Frankenstein-Dracula' variation"]
[ECO "C27"]
[NIC "VG.02"]
[Time "11:58:38"]
[TimeControl "120+12"]

1. e4 e5 2. Nc3 Nf6 3. Bc4 Nxe4 4. Qh5 Nd6 5. Bb3 Nc6 6. Nb5 g6 7. Qf3 f5 8.
Qd5 Qe7 9. Nxc7+ Kd8 10. Nxa8 b6 11. d3 Bb7 12. Nxb6 axb6 13. Qf3 e4 14. Qe3
exd3 15. cxd3 Qf6 16. Qxb6+ Kc8 17. Ne2 Bg7 18. O-O Re8 19. Re1 Nd4 20. Be3
Nxe2+ 21. Rxe2 f4 22. Rc1+ Kb8 23. Qa7# {Black checkmated} 1-0

[Event "GambitGuide"]
[Site "Internet Chess Club"]
[Date "2014.10.31"]
[Round "1"]
[White "JSBach"]
[Black "MikeSno"]
[Result "1-0"]
[ICCResult "Black resigns"]
[WhiteElo "1630"]
[BlackElo "1288"]
[Opening "Vienna: `Frankenstein-Dracula' variation"]
[ECO "C27"]
[NIC "VG.02"]
[Time "11:54:12"]
[TimeControl "120+12"]

1. e4 e5 2. Nc3 Nf6 3. Bc4 Nxe4 4. Qh5 Nd6 5. Bb3 Nc6 6. Nb5 g6 7. Qf3 f5 8.
Qd5 Qe7 9. Nxc7+ Kd8 10. Nxa8 b6 11. d3 Nd4 12. h4 Bb7 13. Bg5 Bxd5 14. Nxb6
Bxb3 15. Bxe7+ Bxe7 16. Rc1 axb6 17. axb3 e4 18. Kd2 g5 19. Ke3 Ne6 20. dxe4
gxh4 21. Nf3 Nxe4 22. b4 Bxb4 23. c3 Bc5+ 24. Nd4 Rg8 25. Rhg1 Nd6 26. b4
f4+ 27. Kd3 Bxd4 28. cxd4 Nb5 29. Ra1 Kc7 30. d5 Ng5 31. Rge1 f3 32. Rec1+
Kb7 33. Rg1 fxg2 34. Rxg2 h3 35. Rg3 Rg6 36. f4 Nf7 37. Rxh3 Nfd6 38. Rxh7
Kc7 39. Rc1+ Kd8 40. Rch1 Nc7 41. R1h5 Rg3+ 42. Ke2 Ne4 43. Rh8+ Ke7 44.
Re5+ {Black resigns} 1-0

[Event "GambitGuide"]
[Site "Internet Chess Club"]
[Date "2014.10.31"]
[Round "1"]
[White "JSBach"]
[Black "Joennyxan"]
[Result "1-0"]
[ICCResult "Black resigns"]
[WhiteElo "1630"]
[BlackElo "843"]
[Opening "Vienna: `Frankenstein-Dracula' variation"]
[ECO "C27"]
[NIC "VG.02"]
[Time "11:57:14"]
[TimeControl "120+12"]

1. e4 e5 2. Nc3 Nf6 3. Bc4 Nxe4 4. Qh5 Nd6 5. Bb3 Nc6 6. Nb5 g6 7. Qf3 f5 8.
Qd5 Qe7 9. Nxc7+ Kd8 10. Nxa8 b6 11. d3 Bb7 12. Nxb6 axb6 13. Qf3 e4 14.
dxe4 Nxe4 15. Be3 Nb4 16. Qf4 Nxc2+ 17. Bxc2 Qb4+ 18. Kd1 Nc3+ 19. bxc3 Qxc3
20. Bd4 {Black resigns} 1-0

[Event "GambitGuide"]
[Site "Internet Chess Club"]
[Date "2014.10.31"]
[Round "1"]
[White "JSBach"]
[Black "infiniteshug"]
[Result "1-0"]
[ICCResult "Black checkmated"]
[WhiteElo "1630"]
[BlackElo "1482"]
[Opening "Vienna: `Frankenstein-Dracula' variation"]
[ECO "C27"]
[NIC "VG.02"]
[Time "12:00:15"]
[TimeControl "120+12"]

1. e4 e5 2. Nc3 Nf6 3. Bc4 Nxe4 4. Qh5 Nd6 5. Bb3 Nc6 6. Nb5 g6 7. Qf3 f5 8.
Qd5 Qe7 9. Nxc7+ Kd8 10. Nxa8 b6 11. d3 Bb7 12. Nxb6 axb6 13. Qf3 Kc7 14.
Bd2 Nd4 15. Qg3 h6 16. Qxg6 Bg7 17. Bc3 Re8 18. Bb4 N4b5 19. c4 e4 20. O-O-O
Qe5 21. d4 Nxd4 22. Bxd6+ Qxd6 23. Qxe8 Qf4+ 24. Rd2 Nxb3+ 25. axb3 e3 26.
Rxd7+ Kc6 27. Rd8+ Kc5 28. Qb5# {Black checkmated} 1-0

[Event "GambitGuide"]
[Site "Internet Chess Club"]
[Date "2014.10.31"]
[Round "1"]
[White "JSBach"]
[Black "MikeSno"]
[Result "1-0"]
[ICCResult "Black resigns"]
[WhiteElo "1630"]
[BlackElo "1288"]
[Opening "Vienna: `Frankenstein-Dracula' variation"]
[ECO "C27"]
[NIC "VG.02"]
[Time "12:00:32"]
[TimeControl "120+12"]

1. e4 e5 2. Nc3 Nf6 3. Bc4 Nxe4 4. Qh5 Nd6 5. Bb3 Nc6 6. Nb5 g6 7. Qf3 f5 8.
Qd5 Qe7 9. Nxc7+ Kd8 10. Nxa8 b6 11. d3 Bb7 12. Nxb6 axb6 13. Qf3 g5 14. Qe3
Kc7 15. Qxg5 Nd4 16. f3 Rg8 17. Qxg8 {Black resigns} 1-0

[Event "GambitGuide"]
[Site "Internet Chess Club"]
[Date "2014.10.31"]
[Round "1"]
[White "JSBach"]
[Black "nsideurheadbro"]
[Result "1/2-1/2"]
[ICCResult "Game drawn by repetition"]
[WhiteElo "1630"]
[BlackElo "1184"]
[Opening "Vienna: `Frankenstein-Dracula' variation"]
[ECO "C27"]
[NIC "VG.02"]
[Time "12:00:20"]
[TimeControl "120+12"]

1. e4 e5 2. Nc3 Nf6 3. Bc4 Nxe4 4. Qh5 Nd6 5. Bb3 Nc6 6. Nb5 g6 7. Qf3 f5 8.
Qd5 Qe7 9. Nxc7+ Kd8 10. Nxa8 b6 11. d3 Bb7 12. Nxb6 axb6 13. Qf3 e4 14.
dxe4 Nxe4 15. Be3 Ne5 16. Bxb6+ Kc8 17. Qe3 Ng4 18. Qd4 Nexf2+ 19. Kf1 Nxh1
20. Qc4+ Bc6 21. Qa6+ Bb7 22. Qc4+ Bc6 23. Qa6+ Bb7 24. Qc4+ Bc6 25. Qa6+
Bb7 26. Qc4+ Bc6 27. Qa6+ Bb7 28. Qc4+ Bc6 29. Qa6+ Bb7 30. Qc4+
{Game drawn by repetition}
1/2-1/2

[Event "GambitGuide"]
[Site "Internet Chess Club"]
[Date "2014.10.31"]
[Round "1"]
[White "JSBach"]
[Black "Pdforma"]
[Result "1-0"]
[ICCResult "Black checkmated"]
[WhiteElo "1630"]
[BlackElo "1400"]
[Opening "Vienna: `Frankenstein-Dracula' variation"]
[ECO "C27"]
[NIC "VG.02"]
[Time "12:00:48"]
[TimeControl "120+12"]

1. e4 e5 2. Nc3 Nf6 3. Bc4 Nxe4 4. Qh5 Nd6 5. Bb3 Nc6 6. Nb5 g6 7. Qf3 f5 8.
Qd5 Qe7 9. Nxc7+ Kd8 10. Nxa8 b6 11. d3 Nb4 12. Qf3 e4 13. dxe4 Nxe4 14. Be3
Bb7 15. Nxb6 axb6 16. Qf4 Qg7 17. Qb8+ Ke7 18. Qxb7 Qxb2 19. Rd1 Qc3+ 20.
Kf1 Nxc2 21. Qxd7+ Kf6 22. Qf7+ Ke5 23. Nf3# {Black checkmated} 1-0

[Event "GambitGuide"]
[Site "Internet Chess Club"]
[Date "2014.10.31"]
[Round "1"]
[White "JSBach"]
[Black "infiniteshug"]
[Result "1-0"]
[ICCResult "Black checkmated"]
[WhiteElo "1630"]
[BlackElo "1482"]
[Opening "Vienna: `Frankenstein-Dracula' variation"]
[ECO "C27"]
[NIC "VG.02"]
[Time "12:01:06"]
[TimeControl "120+12"]

1. e4 e5 2. Nc3 Nf6 3. Bc4 Nxe4 4. Qh5 Nd6 5. Bb3 Nc6 6. Nb5 g6 7. Qf3 f5 8.
Qd5 Qe7 9. Nxc7+ Kd8 10. Nxa8 b6 11. d3 Bb7 12. Nxb6 axb6 13. Qf3 Kc7 14.
Be3 Nd4 15. Qh3 Bg7 16. c3 N4b5 17. a4 Na7 18. a5 Nac8 19. axb6+ Nxb6 20.
Bc5 Qf6 21. Ne2 e4 22. Bd4 Qe7 23. Bxb6+ Kxb6 24. dxe4 Nxe4 25. f3 Nc5 26.
Bc4 Re8 27. f4 Bd5 28. Bd3 Be4 29. Bc4 Bd5 30. Bd3 Bc6 31. Bc4 Bb5 32. Bxb5
Kxb5 33. Qf3 d5 34. Kf1 Ne4 35. Qd3+ Kc6 36. Ra6+ Kd7 37. Qb5+ Kd8 38. Qb8+
Kd7 39. Qb7+ Kd8 40. Ra8# {Black checkmated} 1-0

[Event "GambitGuide"]
[Site "Internet Chess Club"]
[Date "2014.10.31"]
[Round "1"]
[White "JSBach"]
[Black "Rude-Dude"]
[Result "1-0"]
[ICCResult "Black resigns"]
[WhiteElo "1630"]
[BlackElo "1295"]
[Opening "Vienna: `Frankenstein-Dracula' variation"]
[ECO "C27"]
[NIC "VG.02"]
[Time "12:00:20"]
[TimeControl "120+12"]

1. e4 e5 2. Nc3 Nf6 3. Bc4 Nxe4 4. Qh5 Nd6 5. Bb3 Nc6 6. Nb5 g6 7. Qf3 f5 8.
Qd5 Qe7 9. Nxc7+ Kd8 10. Nxa8 b6 11. d3 Bb7 12. Nxb6 axb6 13. Qf3 Nd4 14.
Qh3 Nxb3 15. axb3 Kc7 16. Nf3 e4 17. Bg5 Qe6 18. Nd4 Qe8 19. Bf6 exd3+ 20.
Kf1 Ne4 21. Bxh8 Nd2+ 22. Kg1 Bc5 23. Nb5+ Kc8 24. Bd4 Bxd4 25. Nd6+ Kd8 26.
Nxe8 Kxe8 27. Qxh7 Kd8 28. Qh4+ Kc8 29. Qxd4 Ne4 30. Qxd3 d5 31. b4 Ng5 32.
Qe3 Ne4 33. Qxb6 {Black resigns} 1-0

[Event "GambitGuide"]
[Site "Internet Chess Club"]
[Date "2014.10.31"]
[Round "1"]
[White "JSBach"]
[Black "infiniteshug"]
[Result "1-0"]
[ICCResult "Black checkmated"]
[WhiteElo "1630"]
[BlackElo "1482"]
[Opening "Vienna: `Frankenstein-Dracula' variation"]
[ECO "C27"]
[NIC "VG.02"]
[Time "12:02:21"]
[TimeControl "120+12"]

1. e4 e5 2. Nc3 Nf6 3. Bc4 Nxe4 4. Qh5 Nd6 5. Bb3 Nc6 6. Nb5 g6 7. Qf3 f5 8.
Qd5 Qe7 9. Nxc7+ Kd8 10. Nxa8 b6 11. d3 Bb7 12. Nxb6 axb6 13. Qf3 Nd4 14.
Qg3 h6 15. Qxg6 Bg7 16. Be3 Rf8 17. c3 Rf6 18. Qh7 Nxb3 19. Bxb6+ Kc8 20.
axb3 e4 21. d4 e3 22. fxe3 Qxe3+ 23. Kf1 Ne4 24. Qg8+ Rf8 25. Qc4+ Kb8 26.
Qc7# {Black checkmated} 1-0

[Event "GambitGuide"]
[Site "Internet Chess Club"]
[Date "2014.10.31"]
[Round "1"]
[White "JSBach"]
[Black "riddick62"]
[Result "1-0"]
[ICCResult "Black resigns"]
[WhiteElo "1639"]
[BlackElo "1442"]
[Opening "Vienna: `Frankenstein-Dracula' variation"]
[ECO "C27"]
[NIC "VG.02"]
[Time "12:02:49"]
[TimeControl "120+12"]

1. e4 e5 2. Nc3 Nf6 3. Bc4 Nxe4 4. Qh5 Nd6 5. Bb3 Nc6 6. Nb5 g6 7. Qf3 f5 8.
Qd5 Qe7 9. Nxc7+ Kd8 10. Nxa8 b6 11. d3 Nb4 12. Bg5 Qxg5 13. Qxe5 Qxg2 14.
Qxh8 Qxh1 15. Qxf8+ Ne8 16. Kf1 Bb7 17. Nxb6 Qg2+ 18. Ke2 Qg4+ 19. f3 Qg2+
20. Ke3 Nc6 21. Bf7 Kc7 22. Nd5+ {Black resigns} 1-0

[Event "GambitGuide"]
[Site "Internet Chess Club"]
[Date "2014.10.31"]
[Round "1"]
[White "JSBach"]
[Black "Joennyxan"]
[Result "1-0"]
[ICCResult "Black resigns"]
[WhiteElo "1639"]
[BlackElo "843"]
[Opening "Vienna: `Frankenstein-Dracula' variation"]
[ECO "C27"]
[NIC "VG.02"]
[Time "12:02:22"]
[TimeControl "120+12"]

1. e4 e5 2. Nc3 Nf6 3. Bc4 Nxe4 4. Qh5 Nd6 5. Bb3 Nc6 6. Nb5 g6 7. Qf3 f5 8.
Qd5 Qe7 9. Nxc7+ Kd8 10. Nxa8 b6 11. d3 Nb4 12. Bg5 Qxg5 13. Qxe5 Bh6 14.
Qxh8+ Ne8 15. Kf1 Bb7 16. Nf3 Bxa8 17. Nxg5 {Black resigns} 1-0

[Event "GambitGuide"]
[Site "Internet Chess Club"]
[Date "2014.10.31"]
[Round "1"]
[White "JSBach"]
[Black "MikeSno"]
[Result "1-0"]
[ICCResult "Black resigns"]
[WhiteElo "1639"]
[BlackElo "1288"]
[Opening "Vienna: `Frankenstein-Dracula' variation"]
[ECO "C27"]
[NIC "VG.02"]
[Time "12:01:30"]
[TimeControl "120+12"]

1. e4 e5 2. Nc3 Nf6 3. Bc4 Nxe4 4. Qh5 Nd6 5. Bb3 Nc6 6. Nb5 g6 7. Qf3 f5 8.
Qd5 Qe7 9. Nxc7+ Kd8 10. Nxa8 b6 11. d3 Nd4 12. f4 Bg7 13. fxe5 Bxe5 14. Kd1
Bb7 15. Bg5 Qxg5 16. Qxe5 Qg4+ 17. Kc1 Re8 18. Qf6+ Kc8 19. Qxd6 Nb5 20. Qg3
{Black resigns}
1-0

[Event "GambitGuide"]
[Site "Internet Chess Club"]
[Date "2014.10.31"]
[Round "1"]
[White "JSBach"]
[Black "leonardoalmeida"]
[Result "1-0"]
[ICCResult "Black resigns"]
[WhiteElo "1639"]
[BlackElo "1834"]
[Opening "Vienna: `Frankenstein-Dracula' variation"]
[ECO "C27"]
[NIC "VG.02"]
[Time "12:01:16"]
[TimeControl "120+12"]

1. e4 e5 2. Nc3 Nf6 3. Bc4 Nxe4 4. Qh5 Nd6 5. Bb3 Nc6 6. Nb5 g6 7. Qf3 f5 8.
Qd5 Qe7 9. Nxc7+ Kd8 10. Nxa8 b6 11. d3 Bb7 12. Nxb6 axb6 13. Qf3 Kc7 14. c3
e4 15. dxe4 Nxe4 16. Be3 Bh6 17. Rd1 Bxe3 18. Qxe3 Re8 19. Kf1 Qc5 20. Qf4+
Kc8 21. Ne2 g5 22. Qf3 Rf8 23. Rd5 Qxd5 24. Bxd5 Nd2+ 25. Ke1 Nxf3+ 26. Bxf3
Re8 27. h4 g4 28. Bd5 Re5 29. Bg8 h6 30. Rg1 Ne7 31. Bf7 Ba6 32. c4 b5 33.
b3 bxc4 34. Bxc4 Bxc4 35. bxc4 Nc6 36. Kd2 Re4 37. c5 Ra4 38. Ra1 Rc4 39.
Rc1 Ra4 40. Rc2 Nd4 41. Rb2 Nxe2 42. Kxe2 Kc7 43. Ke3 Kc6 44. Rc2 f4+ 45.
Kd3 Kd5 46. f3 Ra3+ 47. Ke2 g3 48. Kd2 Ra4 49. h5 Rd4+ 50. Ke1 Rc4 51. Rd2+
Kxc5 52. Rxd7 Rc2 53. Rc7+ {Black resigns} 1-0

[Event "GambitGuide"]
[Site "Internet Chess Club"]
[Date "2014.10.31"]
[Round "1"]
[White "JSBach"]
[Black "charliet"]
[Result "1-0"]
[ICCResult "Black checkmated"]
[WhiteElo "1639"]
[BlackElo "1348"]
[Opening "Vienna: `Frankenstein-Dracula' variation"]
[ECO "C27"]
[NIC "VG.02"]
[Time "12:02:25"]
[TimeControl "120+12"]

1. e4 e5 2. Nc3 Nf6 3. Bc4 Nxe4 4. Qh5 Nd6 5. Bb3 Nc6 6. Nb5 g6 7. Qf3 f5 8.
Qd5 Qe7 9. Nxc7+ Kd8 10. Nxa8 b6 11. d3 Bb7 12. Nxb6 axb6 13. Qf3 Nd4 14.
Qg3 Nxb3 15. axb3 e4 16. Bg5 exd3+ 17. Bxe7+ Bxe7 18. cxd3 Bc6 19. Ra7 b5
20. Ne2 Rf8 21. Kd2 b4 22. Re1 Nb5 23. Qb8# {Black checkmated} 1-0

[Event "GambitGuide"]
[Site "Internet Chess Club"]
[Date "2014.10.31"]
[Round "1"]
[White "JSBach"]
[Black "almoehi"]
[Result "1-0"]
[ICCResult "Black resigns"]
[WhiteElo "1639"]
[BlackElo "1458"]
[Opening "Vienna: `Frankenstein-Dracula' variation"]
[ECO "C27"]
[NIC "VG.02"]
[Time "12:01:31"]
[TimeControl "120+12"]

1. e4 e5 2. Nc3 Nf6 3. Bc4 Nxe4 4. Qh5 Nd6 5. Bb3 Nc6 6. Nb5 g6 7. Qf3 f5 8.
Qd5 Qe7 9. Nxc7+ Kd8 10. Nxa8 b6 11. d3 e4 12. dxe4 Nxe4 13. Be3 Bg7 14.
O-O-O Qf6 15. c3 Re8 16. Re1 Nb4 17. Qb5 Nxc3 18. Qxb4 Nxa2+ 19. Bxa2 Qxb2+
20. Qxb2 Bxb2+ 21. Kxb2 {Black resigns} 1-0

[Event "GambitGuide"]
[Site "Internet Chess Club"]
[Date "2014.10.31"]
[Round "1"]
[White "JSBach"]
[Black "infiniteshug"]
[Result "1-0"]
[ICCResult "Black resigns"]
[WhiteElo "1639"]
[BlackElo "1482"]
[Opening "Vienna: `Frankenstein-Dracula' variation"]
[ECO "C27"]
[NIC "VG.02"]
[Time "12:03:05"]
[TimeControl "120+12"]

1. e4 e5 2. Nc3 Nf6 3. Bc4 Nxe4 4. Qh5 Nd6 5. Bb3 Nc6 6. Nb5 g6 7. Qf3 f5 8.
Qd5 Qe7 9. Nxc7+ Kd8 10. Nxa8 b6 11. d3 Bb7 12. Nxb6 axb6 13. Qf3 Nd4 14.
Qh3 Bg7 15. Be3 Kc7 16. Rc1 e4 17. Qg3 Be5 18. Qh3 exd3 19. cxd3+ Kb8 20.
Ba4 b5 21. Bd1 f4 22. Bd2 Bf6+ 23. Kf1 Re8 24. Bg4 N6f5 25. Re1 Qf7 26.
Bxf4+ Ka7 27. Rxe8 Qxe8 28. Qxh7 Nc2 29. Ne2 Nfd4 30. Qxd7 Qxd7 31. Bxd7
Nxe2 32. Kxe2 Nd4+ 33. Kf1 Nc2 34. Bxb5 Nd4 35. Be8 {Black resigns} 1-0

[Event "GambitGuide"]
[Site "Internet Chess Club"]
[Date "2014.10.31"]
[Round "1"]
[White "JSBach"]
[Black "riddick62"]
[Result "1-0"]
[ICCResult "Black resigns"]
[WhiteElo "1639"]
[BlackElo "1442"]
[Opening "Vienna: `Frankenstein-Dracula' variation"]
[ECO "C27"]
[NIC "VG.02"]
[Time "12:04:18"]
[TimeControl "120+12"]

1. e4 e5 2. Nc3 Nf6 3. Bc4 Nxe4 4. Qh5 Nd6 5. Bb3 Nc6 6. Nb5 g6 7. Qf3 f5 8.
Qd5 Qe7 9. Nxc7+ Kd8 10. Nxa8 b6 11. d3 Bb7 12. Nxb6 axb6 13. Qf3 h6 14. Qg3
Kc7 15. Qxg6 Nd4 16. Be3 Qg7 17. Qxg7 Bxg7 18. Bxd4 exd4 19. Kf1 Nb5 20. Re1
d5 21. Re7+ {Black resigns} 1-0

[Event "GambitGuide"]
[Site "Internet Chess Club"]
[Date "2014.10.31"]
[Round "1"]
[White "JSBach"]
[Black "infiniteshug"]
[Result "1-0"]
[ICCResult "Black resigns"]
[WhiteElo "1639"]
[BlackElo "1482"]
[Opening "Vienna: `Frankenstein-Dracula' variation"]
[ECO "C27"]
[NIC "VG.02"]
[Time "12:04:45"]
[TimeControl "120+12"]

1. e4 e5 2. Nc3 Nf6 3. Bc4 Nxe4 4. Qh5 Nd6 5. Bb3 Nc6 6. Nb5 g6 7. Qf3 f5 8.
Qd5 Qe7 9. Nxc7+ Kd8 10. Nxa8 b6 11. d3 Bb7 12. Nxb6 axb6 13. Qf3 Nd4 14.
Qg3 f4 15. Qg4 N6f5 16. Ne2 Bg7 17. Nxd4 exd4+ 18. Kf1 g5 19. Qxf5
{Black resigns}
1-0

[Event "GambitGuide"]
[Site "Internet Chess Club"]
[Date "2014.10.31"]
[Round "1"]
[White "JSBach"]
[Black "infiniteshug"]
[Result "1-0"]
[ICCResult "Black resigns"]
[WhiteElo "1639"]
[BlackElo "1482"]
[Opening "Vienna: `Frankenstein-Dracula' variation"]
[ECO "C27"]
[NIC "VG.02"]
[Time "12:05:12"]
[TimeControl "120+12"]

1. e4 e5 2. Nc3 Nf6 3. Bc4 Nxe4 4. Qh5 Nd6 5. Bb3 Nc6 6. Nb5 g6 7. Qf3 f5 8.
Qd5 Qe7 9. Nxc7+ Kd8 10. Nxa8 b6 11. d3 Bb7 12. Nxb6 axb6 13. Qf3 e4 14. Qe3
Bg7 15. Qxb6+ Kc8 16. dxe4 Bd4 17. Be3 Bxb6 18. Bxb6 Qxe4+ 19. Kf1 Qb4 20.
Rd1 Qb5+ 21. Ne2 Qxb6 22. Rxd6 Qc5 23. Rd5 Qe7 24. Rd2 Re8 25. Rg1 Ba6 26.
c4 Na5 27. Ba4 Kc7 28. Rxd7+ Qxd7 29. Bxd7 Kxd7 30. b3 Kc6 31. h4 Kc5 32.
Ke1 Kb4 33. Kd2 Ka3 34. Nc1 Nc6 35. Re1 Nb4 36. Rxe8 {Black resigns} 1-0

[Event "GambitGuide"]
[Site "Internet Chess Club"]
[Date "2014.10.31"]
[Round "1"]
[White "JSBach"]
[Black "Lawrence"]
[Result "1-0"]
[ICCResult "Black resigns"]
[WhiteElo "1639"]
[BlackElo "1540"]
[Opening "Vienna: `Frankenstein-Dracula' variation"]
[ECO "C27"]
[NIC "VG.02"]
[Time "12:00:39"]
[TimeControl "120+12"]

1. e4 e5 2. Nc3 Nf6 3. Bc4 Nxe4 4. Qh5 Nd6 5. Bb3 Nc6 6. Nb5 g6 7. Qf3 f5 8.
Qd5 Qe7 9. Nxc7+ Kd8 10. Nxa8 b6 11. d3 Bb7 12. Nxb6 axb6 13. Qf3 Nd4 14.
Qg3 e4 15. Bg5 exd3+ 16. Bxe7+ Bxe7 17. Qe5 Re8 18. Kf1 Nc6 19. Qe3 Kc7 20.
Qxd3 Ne5 21. Qc3+ Nc6 22. Ne2 Ne4 23. Qe3 Bc5 24. Qf4+ Kc8 25. f3 Nd6 26.
Rd1 Ba6 27. c4 Nf7 28. Qd2 Nfe5 29. f4 Re7 30. fxe5 Nxe5 31. Rc1 Ng4 32. Qg5
Ne3+ 33. Ke1 Re6 34. g3 Ng2+ 35. Kd1 Ne3+ 36. Kd2 Ng4 37. Nf4 Be3+ 38. Kc2
Rd6 39. Qe7 Rd2+ 40. Kc3 Rf2 41. Qe8+ Kc7 42. Nd5+ {Black resigns} 1-0

[Event "GambitGuide"]
[Site "Internet Chess Club"]
[Date "2014.10.31"]
[Round "1"]
[White "JSBach"]
[Black "Pdforma"]
[Result "1-0"]
[ICCResult "Black resigns"]
[WhiteElo "1639"]
[BlackElo "1400"]
[Opening "Vienna: `Frankenstein-Dracula' variation"]
[ECO "C27"]
[NIC "VG.02"]
[Time "12:02:23"]
[TimeControl "120+12"]

1. e4 e5 2. Nc3 Nf6 3. Bc4 Nxe4 4. Qh5 Nd6 5. Bb3 Nc6 6. Nb5 g6 7. Qf3 f5 8.
Qd5 Qe7 9. Nxc7+ Kd8 10. Nxa8 b6 11. d3 Bb7 12. Nxb6 axb6 13. Qf3 Na5 14.
Qe3 Nxb3 15. Qxb6+ Ke8 16. Qxb3 Bxg2 17. Qb8+ Kf7 18. Bg5 Qxg5 19. Qb3+ Kg7
20. h4 Qf4 21. Ne2 Qg4 22. Rg1 Qf3 23. d4 exd4 24. Qxf3 Bxf3 25. Nxd4 Be4
26. a4 Nc4 27. f3 Bc6 28. b3 Ne5 29. Nxf5+ Kf6 30. Nd4 Bc5 31. O-O-O Bxd4
32. Rxd4 Nxf3 33. Rf1 Ke5 34. Rg4 Rf8 35. a5 Kd6 36. a6 Ra8 37. Rf4 Ne5 38.
Rf6+ Kc7 39. Re1 Nf3 40. Re7 Rxa6 41. Rxh7 g5 42. h5 g4 43. h6 g3 44. Rg7
Ra8 45. Rxg3 Rh8 46. b4 Nd4 47. Rg7 Nb5 48. c4 Na3 49. b5 Be4 50. Re7 Bd3
51. Re3 Bxc4 52. b6+ Kb7 53. Rxa3 Be6 54. Ra7+ Kxb6 55. Rxd7 Kc6 56. Re7 Kd6
57. Rexe6+ Kd7 58. Re5 {Black resigns} 1-0

[Event "GambitGuide"]
[Site "Internet Chess Club"]
[Date "2014.10.31"]
[Round "1"]
[White "JSBach"]
[Black "nsideurheadbro"]
[Result "1-0"]
[ICCResult "Black resigns"]
[WhiteElo "1639"]
[BlackElo "1184"]
[Opening "Vienna: `Frankenstein-Dracula' variation"]
[ECO "C27"]
[NIC "VG.02"]
[Time "12:02:22"]
[TimeControl "120+12"]

1. e4 e5 2. Nc3 Nf6 3. Bc4 Nxe4 4. Qh5 Nd6 5. Bb3 Nc6 6. Nb5 g6 7. Qf3 f5 8.
Qd5 Qe7 9. Nxc7+ Kd8 10. Nxa8 b6 11. d3 Bb7 12. Nxb6 axb6 13. Qf3 e4 14. Qe3
Nb4 15. Qxb6+ Ke8 16. Qxb4 exd3+ 17. Be3 Bh6 18. Kf1 Bxe3 19. fxe3 Qg5 20.
Qd2 dxc2 21. Ba4 Be4 22. Bxc2 Bxc2 23. Qxd6 Be4 24. Nf3 Qxe3 25. Re1 Bd3+
26. Qxd3 {Black resigns} 1-0

[Event "GambitGuide"]
[Site "Internet Chess Club"]
[Date "2014.10.31"]
[Round "1"]
[White "JSBach"]
[Black "almoehi"]
[Result "1-0"]
[ICCResult "Black resigns"]
[WhiteElo "1639"]
[BlackElo "1458"]
[Opening "Vienna: `Frankenstein-Dracula' variation"]
[ECO "C27"]
[NIC "VG.02"]
[Time "12:04:35"]
[TimeControl "120+12"]

1. e4 e5 2. Nc3 Nf6 3. Bc4 Nxe4 4. Qh5 Nd6 5. Bb3 Nc6 6. Nb5 g6 7. Qf3 f5 8.
Qd5 Qe7 9. Nxc7+ Kd8 10. Nxa8 b6 11. d3 e4 12. dxe4 Nxe4 13. Be3 Bg7 14.
O-O-O Qf6 15. c3 Re8 16. Re1 Bb7 17. Bxb6+ axb6 18. Nxb6 Re7 19. Qg8+ Bf8
20. Nd5 Qd6 21. Qxf8+ {Black resigns} 1-0

[Event "GambitGuide"]
[Site "Internet Chess Club"]
[Date "2014.10.31"]
[Round "1"]
[White "JSBach"]
[Black "riddick62"]
[Result "1-0"]
[ICCResult "Black resigns"]
[WhiteElo "1639"]
[BlackElo "1442"]
[Opening "Vienna: `Frankenstein-Dracula' variation"]
[ECO "C27"]
[NIC "VG.02"]
[Time "12:05:14"]
[TimeControl "120+12"]

1. e4 e5 2. Nc3 Nf6 3. Bc4 Nxe4 4. Qh5 Nd6 5. Bb3 Nc6 6. Nb5 g6 7. Qf3 f5 8.
Qd5 Qe7 9. Nxc7+ Kd8 10. Nxa8 b6 11. d3 h6 12. Ba4 Bb7 13. Nxb6 axb6 14. Qb3
Kc7 15. Be3 Nc8 16. Nf3 Qb4+ 17. c3 Qxb3 18. axb3 e4 19. dxe4 fxe4 20. Nd2
Bc5 21. Nxe4 Bxe3 22. fxe3 Re8 23. Nf6 Rxe3+ 24. Kd2 Re6 25. Rhf1 Ne5 26.
Rf4 Nd6 27. Raf1 Bxg2 28. R1f2 Bc6 29. Bxc6 Kxc6 30. Rh4 h5 31. Ra4 Ng4 32.
Nxg4 hxg4 33. Re2 Rf6 34. Rxg4 {Black resigns} 1-0

[Event "GambitGuide"]
[Site "Internet Chess Club"]
[Date "2014.10.31"]
[Round "1"]
[White "JSBach"]
[Black "Anunnaki"]
[Result "0-1"]
[ICCResult "White checkmated"]
[WhiteElo "1639"]
[BlackElo "1672"]
[Opening "Vienna: `Frankenstein-Dracula' variation"]
[ECO "C27"]
[NIC "VG.02"]
[Time "12:02:59"]
[TimeControl "120+12"]

1. e4 e5 2. Nc3 Nf6 3. Bc4 Nxe4 4. Qh5 Nd6 5. Bb3 Nc6 6. Nb5 g6 7. Qf3 f5 8.
Qd5 Qe7 9. Nxc7+ Kd8 10. Nxa8 b6 11. d3 Bb7 12. Nxb6 axb6 13. Qf3 Nd4 14.
Qg3 f4 15. Qg4 e4 16. Kf1 exd3 17. cxd3 Ba6 18. Qh3 f3 19. gxf3 Bxd3+ 20.
Kg2 N6f5 21. Bd5 Nh4+ 22. Kg3 Ndf5+ 23. Qxf5 Nxf5+ 24. Kg2 Qd6 25. Bg5+ Be7
26. Bxe7+ Kxe7 27. Re1+ Kf6 28. Be4 Bxe4 29. fxe4 Nh4+ 30. Kh3 Qf4 31. a4
Nf3 32. Re3 Ng5+ 33. Kg2 Re8 34. a5 bxa5 35. Ne2 Qg4+ 36. Ng3 h5 37. h3 Qf4
38. Rhe1 Re5 39. Ne2 Qh4 40. Nc3 Ne6 41. Nd5+ Kg7 42. b3 Nf4+ 43. Nxf4 Qxf4
44. R1e2 Qf7 45. Rc2 g5 46. Rc7 g4 47. hxg4 hxg4 48. Kg3 Qe6 49. Kf4 Rh5 50.
Rec3 Rh3 51. e5 Rxc3 52. Rxc3 Qd5 53. Rc7 Qd4+ 54. Kf5 Qxf2+ 55. Kxg4 Qd4+
56. Kf5 Kf7 57. e6+ Ke8 58. Rxd7 Qc3 59. Rd5 Qxb3 60. Rd7 Qb2 61. Ke4 a4 62.
Rc7 a3 63. Kf5 a2 64. Rc8+ Ke7 65. Rc7+ Kd8 66. e7+ Ke8 67. Rc8+ Kxe7 68.
Ra8 a1=Q 69. Rxa1 Qxa1 70. Ke4 Ke6 71. Ke3 Ke5 72. Kf3 Qc3+ 73. Ke2 Kf4 74.
Kf2 Qb2+ 75. Ke1 Ke3 76. Kf1 Qf2# {White checkmated} 0-1